 Dungeon Crawl Stone Soup version 0.17-a0-896-g249456b (webtiles) character file.

86 jdilger the Chucker (level 4, 0/34 HPs)
             Began as a Mummy Hunter on May 1, 2015.
             Slain by Kellylama's ghost (4 damage)
             ... on level 3 of the Dungeon.
             The game lasted 00:10:52 (7344 turns).

jdilger the Chucker (Mummy Hunter)                  Turns: 7344, Time: 00:10:52

Health: 0/34       AC:  5    Str: 15    XL:     4   Next: 27%
Magic:  4/4        EV:  9    Int: 10    God:
Gold:   81         SH:  7    Dex: 13    Spells: 0 memorised, 3 levels left

rFire  x . .     SeeInvis .     n - +1 short sword (venom)
rCold  + . .     Clarity  .     r - +0 robe
rNeg   + + +     SustAb   .     j - +0 shield
rPois  ∞         Gourm    .     (no helmet)
rElec  .         Spirit   .     (no cloak)
rCorr  .         Warding  .     p - +2 pair of gloves
rMut   .         Stasis   .     (no boots)
MR     .....                    (no amulet)
Stlth  ++........               (no ring)
                                (no ring)

@: not resistant to hostile enchantments, unstealthy
A: no food or potions, fire vulnerability, cold resistance 1, negative energy
resistance 3, torment resistance, unbreathing
a: no special abilities


You were on level 3 of the Dungeon.
You were not hungry.

You visited 1 branch of the dungeon, and saw 3 of its levels.

You collected 81 gold pieces.

Inventory:

Hand weapons
 a - a +0 short sword
 f - a +0 dagger
 g - a +2 dagger of venom
 n - a +1 short sword of venom (weapon)
Missiles
 h - 103 stones (quivered)
 k - 10 sling bullets
Armour
 d - a +0 leather armour
 j - a +0 shield (worn)
 p - a +2 pair of gloves (worn)
 r - a +0 robe (worn)
Scrolls
 e - 2 scrolls of fog {unknown}
 i - 3 scrolls of remove curse {unknown}
 l - 3 scrolls of identify {unknown}
 m - a scroll of noise {unknown}
 o - 3 scrolls of amnesia {unknown}
 q - 2 scrolls of fear {unknown}
 s - a scroll of teleportation {unknown}


   Skills:
 + Level 2.4 Fighting
 + Level 0.5 Short Blades
 + Level 3.9 Throwing
 + Level 1.2 Armour
 + Level 1.9 Dodging
 + Level 1.0 Stealth
 + Level 0.4 Shields


You had 3 spell levels left.
You didn't know any spells.

Dungeon Overview and Level Annotations

Branches:
Dungeon (3/15)

Altars:

Annotations:
D:3 Kellylama's ghost, average GrEE


Innate Abilities, Weirdness & Mutations

You do not eat or drink.
Your flesh is vulnerable to fire.
You are immune to poison.
Your flesh is cold resistant.
You are immune to negative energy.
You are immune to unholy pain and torment.
You can survive without breathing.


Message History

* * * LOW HITPOINT WARNING * * *
Your shield prevents you from hitting Kellylama's ghost.
Kellylama's ghost is heavily damaged.
Kellylama's ghost wails, "They lied to you.
The Dungeon just goes down and down forever."
Kellylama's ghost hits you but does no damage.
You barely miss Kellylama's ghost.
Kellylama's ghost is heavily damaged.
Kellylama's ghost hits you.
* * * LOW HITPOINT WARNING * * *
You completely miss Kellylama's ghost.
Kellylama's ghost is heavily damaged.
You block Kellylama's ghost's attack.
You hit Kellylama's ghost but do no damage.
Kellylama's ghost is heavily damaged.
Kellylama's ghost casts a spell at you. The rocky blast misses you.
You hit Kellylama's ghost.
Kellylama's ghost is severely damaged.
Kellylama's ghost barely misses you. Kellylama's ghost hits you.
You die...

. ####.#### ## .# #..# # ##.#
#.## # #... #.# ## #.. #.# ##.
###.. #.### ##.. ##.#.# #.#.##
##...
.####....#########....####...>
.'..[(...[.(W@...........'....
.####....#########....####....
#...#.# #.#.## ##... #(....#
#.### ##.. #...### #.# ##.
##.# #.#### ## #. #....# #
####.######## #.##......


You could see Kellylama's ghost.

Vanquished Creatures
  2 adders
  An ooze (D:2)
  A giant gecko (D:1)
  10 goblins
  7 hobgoblins
  4 jackals (D:1)
  13 kobolds
  12 bats
  3 giant cockroaches
  6 giant newts
  6 rats
65 creatures vanquished.

Notes
Turn   | Place    | Note
--------------------------------------------------------------
     0 | D:1      | jdilger, the Mummy Hunter, began the quest for the Orb.
     0 | D:1      | Reached XP level 1. HP: 16/16 MP: 1/1
   499 | D:1      | Reached XP level 2. HP: 22/22 MP: 2/2
  1706 | D:1      | Reached XP level 3. HP: 25/27 MP: 3/3
  6346 | D:1      | Noticed a deep elf priest
  6471 | D:2      | Reached skill level 1 in Stealth
  6885 | D:2      | Reached skill level 1 in Armour
  6885 | D:2      | Reached XP level 4. HP: 34/34 MP: 4/4
  7318 | D:3      | Noticed Kellylama's ghost (average GrEE)
  7344 | D:3      | Slain by Kellylama's ghost

Action                   |  1- 3 |  4- 6 || total
-------------------------+-------+-------++-------
Melee: Short sword       |    75 |    20 ||    95
       Dagger            |    57 |       ||    57
Throw: Stone             |   108 |    20 ||   128
       Javelin           |       |     6 ||     6
       Throwing net      |       |     2 ||     2
